[Event "Early-Titled-Tuesday-Blitz-October-10-2023"]
[Site "Chess.com"]
[Date "2023.10.10"]
[Round "4"]
[White "Herman-NY"]
[Black "AlexPapasimakopoulos"]
[Result "1-0"]
[WhiteElo "2539"]
[BlackElo "2698"]
[TimeControl "180+1"]
[EndTime "8:40:00 PDT"]
[Termination "Herman-NY won by resignation"]

1. e4 e6 2. d4 d5 3. e5 Bd7 4. h4 c5 5. c3 Nc6 6. Nf3 Qb6 7.
a3 cxd4 8. cxd4 Nge7 9. b4 Nf5 10. Bb2 Na5 11. g4 Ne7 12. h5 Nc4 13. Bc3 Rc8 14.
Bd3 h6 15. Qb3 a5 16. Nbd2 a4 17. Qc2 Bb5 18. Nxc4 dxc4 19. Be4 Nd5 20. Bxd5 exd5 21. O-O Bd7 22. Nh2 Be7 23. f4 g6 24. f5 gxf5 25.
gxf5 Rg8+ 26. Kh1 Bg5 27. Rae1 Kd8 28. Ng4 Bh4 29. Ne3 Bxe1 30. Rxe1 Qc6 31. Qh2 Rg5 32. Rg1 Rxg1+ 33. Kxg1 Rc7 34. Qg3 Be8 35. Qg7 f6 36.
Qh8 fxe5 37. dxe5 d4 38. Bxd4 Rd7 39. Bc5 Rd2 40. e6 b6 41. Qf6+ Kc8 42. Bd4 Qf3 43.
Qe5 Qf2+ 44. Kh1 Qf3+ 45. Kg1 Qf2+ 46. Kh1 Qh4+ 47. Kg1 Qxd4 48. Qxd4 Rxd4 49. f6 Rf4 50. Nd5 Rf5 51. Ne7+ Kd8 52. Nxf5 Bxh5 53. Nd4 c3 54. Kf2 Ke8 55. Ke3 Bg6 56. Ke2 h5 57. Kf3 c2 58.
Ne2 h4 59. Kg4 Bh5+ 60. Kxh5 h3 61. Kg6 h2 62. Kg7 h1=Q 63. f7+ Ke7 64. f8=Q+ Kxe6 65. Qf6+ Kd5 66. Qd4+ Kc6 67. Qc3+ Kb7 68. Qxc2 Qg2+ 69.
Kf6 Qf3+ 70. Ke5 Qxa3 71. Qe4+ Ka7 72. Nf4 Qc3+ 73. Kd6 a3 74. Nd5 Qc8 75. Qe7+ Qb7 76. Nc7 a2 77. Qe1 Qg2 78. Qc3 Qg6+ 79. Kd7 Qf7+ 80.
Kc8 Qf8+ 81. Kd7 Qf7+ 82. Kc8 Qg8+ 83. Kd7 Qg4+ 84. Kd8 Qg5+ 85. Kd7 Qf5+ 86. Kd8 Qf8+ 87. Kd7 Qf5+ 88. Ne6 Qd5+ 89. Ke7 Ka6 90. Qa3+ Kb5 91. Nc7+ Kc6 92. Nxd5 a1=Q 93. Qxa1 Kxd5 94. Qc3 b5 95. Kd7 Ke4 96. Kc7 Kd5 97. Kb6 Ke6 98. Kxb5 Kd5 99.
Ka4 1-0

[Event "Early-Titled-Tuesday-Blitz-October-10-2023"]
[Site "Chess.com"]
[Date "2023.10.10"]
[Round "4"]
[White "zozik"]
[Black "brm72"]
[Result "1/2-1/2"]
[WhiteElo "2345"]
[BlackElo "2511"]
[TimeControl "180+1"]
[EndTime "8:40:13 PDT"]
[Termination "Game drawn by 50-move rule"]

1. d4 Nf6 2. Nf3 e6 3. g3 d5 4. Bg2 Be7 5. O-O O-O 6. c4 dxc4 7. Qc2 b5 8. Ne5 Nd5 9. a4 c6 10. axb5 cxb5 11. Nc3 Bb7 12. Nxb5 Nb4 13. Qxc4 Bxg2 14. Kxg2 Nd7 15. Nxd7 Qxd7 16. Nc3 Rfc8 17. Qb3 Qxd4 18.
Be3 Qd7 19. Rfd1 Qc6+ 20. f3 a5 21. Na4 Qb5 22. Rd2 Rab8 23. Rad1 h6 24. Bf2 Qc6 25.
e4 Nc2 26. Nb6 Bb4 27. Nxc8 Rxc8 28. Rd8+ Rxd8 29. Rxd8+ Kh7 30. Rd3 Be1 31. Rd1 Bxf2 32.
Kxf2 Qc5+ 33. Ke2 Nd4+ 34. Rxd4 Qxd4 35. Qc3 Qg1 36. Qxa5 Qxh2+ 37. Ke3 Qxb2 38. Qc7 f6 39.
Qf7 Qb3+ 40. Kf2 Qc2+ 41. Kg1 Qd1+ 42. Kf2 Qd4+ 43. Ke2 e5 44. g4 Qb2+ 45. Ke3 Qc1+ 46. Ke2 Qc2+ 47. Ke3 Qc3+ 48. Ke2 Qc6 49. Ke3 Qc8 50.
Ke2 Kh8 51. Ke3 Qg8 52. Qg6 Qd8 53. Qf7 Qg8 54. Qg6 Qb3+ 55. Ke2 Qb5+ 56. Ke3 Kg8 57. Qf5 Kf7 58. Qc8 Qb3+ 59. Ke2 Qe6 60. Qc7+ Qe7 61.
Qc4+ Kg6 62. Qc6 Kg5 63. Qc1+ Kg6 64. Qh1 Qd7 65. Qh5+ Kh7 66. Qh1 Qb5+ 67. Ke3 Qb3+ 68. Ke2 Qc2+ 69. Ke3 Qc3+ 70. Ke2 Qc2+ 71. Ke3 Kg8 72.
Qh5 Qc1+ 73. Ke2 Qc6 74. Qh1 Kf7 75. Qh5+ Kf8 76. Qg6 Qc4+ 77. Ke3 Qd4+ 78. Ke2 Qb2+ 79. Ke3 Qb3+ 80. Ke2 Qf7 81. Qf5 Qc4+ 82. Ke3 Kf7 83.
Qd7+ Kf8 84. Qd8+ Kf7 85. Qd7+ Kg8 86. Qf5 Qd4+ 87. Ke2 Qd8 88. Qe6+ Kf8 89. Qf5 Ke7 90. Qg6 Qf8 91. Qf5 Qf7 92. Qc8 Qa2+ 93. Ke3 Qa3+ 94. Ke2 1/2-1/2

[Event "Early-Titled-Tuesday-Blitz-October-10-2023"]
[Site "Chess.com"]
[Date "2023.10.10"]
[Round "4"]
[White "bipe137"]
[Black "chessfatbear"]
[Result "1-0"]
[WhiteElo "2538"]
[BlackElo "2806"]
[TimeControl "180+1"]
[EndTime "8:40:14 PDT"]
[Termination "bipe137 won by resignation"]

1. d4 Nf6 2. c4 g6 3. Nc3 Bg7 4. e4 Bf8 5. Nf3 Bg7 6. Ng1 d6 7. Be2 O-O 8. Nf3 e5 9. O-O Nc6 10. d5 Ne7 11. Ne1 Nd7 12. Be3 f5 13. f3 f4 14. Bf2 g5 15. Rc1 Ng6 16. c5 Nxc5 17.
b4 Na6 18. Nb5 Rf7 19. Nd3 b6 20. Qc2 h5 21. Qc6 Bd7 22. Qc4 g4 23. Nxc7 Nxc7 24. Qxc7 Qg5 25. Kh1 g3 26. Bg1 Nh4 27. Ne1 Bh3 28.
Qc6 Rd8 29. Rc2 gxh2 30. gxh3 hxg1=Q+ 31. Rxg1 Qf6 32. a4 Kh7 33. a5 bxa5 34. bxa5 Rb8 35. Nd3 Bf8 36. Rb2 Rxb2 37. Nxb2 Rg7 38. Qc1 Rg3 39.
Qf1 Qd8 40. Nc4 Qc8 41. Kh2 Qc5 42. Rxg3 fxg3+ 43. Kxg3 Ng6 44. Kh2 Bh6 45. Kh1 Be3 46. Qg2 Nf4 47. Qg5 Qd4 48. Nxd6 Qa1+ 49. Kh2 Qe1 50.
Qe7+ Kh8 51. Nf7+ Kg8 52. Nh6+ Kh8 53. Nf7+ Kg8 54. Nh6+ Kh8 55. Qxe5+ Kh7 56. Qe7+ Kxh6 57. Qf8+ Kh7 58. Qf7+ Kh6 59. Qf8+ Kg6 60. Qf5+ Kg7 61. Qe5+ Kf7 62. Qf5+ Ke7 63. d6+ Kxd6 64. e5+ Kc5 65. e6+ Kb4 66. Qe4+ Kxa5 67. Qe5+ Kb6 68. Qxe3+ Kc6 69. Qe4+ Kd6 70. Qxf4+ Kxe6 71. Qe4+ Kf6 72. Qf4+ Ke6 73. Bc4+ Kd7 74. Qf5+ Kd6 75. Qd5+ Ke7 76. Qe4+ Qxe4 77. fxe4 Kf6 78. Kg3 Ke5 79. Bd5 a5 80. Kh4 a4 81. Kxh5 a3 82. Kg6 1-0

[Event "Early-Titled-Tuesday-Blitz-October-10-2023"]
[Site "Chess.com"]
[Date "2023.10.10"]
[Round "4"]
[White "crazy_but_lazy"]
[Black "Jojo_898"]
[Result "0-1"]
[WhiteElo "2611"]
[BlackElo "2408"]
[TimeControl "180+1"]
[EndTime "8:40:21 PDT"]
[Termination "Jojo_898 won by resignation"]

1. d4 Nf6 2. Nf3 e6 3. Bf4 b6 4. e3 Bb7 5. c4 Be7 6. h3 O-O 7. Nc3 d5 8. cxd5 Nxd5 9. Nxd5 Qxd5 10. Be2 Qa5+ 11. Kf1 c5 12. dxc5 bxc5 13. Qc2 Nc6 14. a3 Bf6 15. Bd6 Rfc8 16. Kg1 Ne7 17. Kh2 Qb6 18.
Bxe7 Bxe7 19. Rhd1 Bf6 20. Rab1 Bd5 21. Nd2 Rab8 22. Nc4 Qb7 23. f3 Qc7+ 24. Kh1 Qg3 25. Bd3 h6 26. Be4 Rd8 27. Bxd5 exd5 28. Nd2 c4 29.
Nf1 Qe5 30. Rd2 Rb5 31. Qd1 Rdb8 32. f4 Qe6 33. b3 cxb3 34. Ng3 b2 35. Ne2 Qxe3 36.
Rd3 Qe4 37. Qd2 Re8 38. Ng3 Qc4 39. Nh5 Be7 40. Rg3 g6 41. f5 g5 42. f6 Bf8 43.
Ng7 Bxg7 44. fxg7 Kxg7 45. Rc3 Qe4 46. Rxb2 Qe1+ 47. Kh2 Qe5+ 48. Kh1 Rxb2 49. Qxb2 d4 50. Rf3 Re7 51. Qc2 Qe1+ 52. Kh2 Qe5+ 53. Kh1 a5 54. a4 Qd5 55. Qd3 Re1+ 56. Kh2 Qe5+ 57. g3 Qe2+ 58. Qxe2 Rxe2+ 59. Kg1 Ra2 60. Rf5 Rxa4 61. Rd5 Ra3 62. Rxd4 Rxg3+ 63. Kh2 Ra3 64. Rd5 a4 65. Ra5 Ra2+ 66. Kg3 a3 67. Kg4 Ra1 68. Kh5 a2 69. Ra6 Rh1 70. Rxa2 Rxh3+ 71. Kg4 Rh4+ 72. Kf5 Rf4+ 73.
Ke5 f6+ 74. Ke6 Kg6 75. Ra8 Kh5 76. Ra1 g4 77. Rh1+ Kg5 78. Rd1 h5 79. Kf7 f5 80.
Kg7 g3 81. Rd6 Kh4 82. Kh6 Rg4 83. Rd1 g2 84. Rd3 g1=Q 85. Rd6 Rg7 86. Rd4+ Kh3 87. Rh4+ Kg3 88. Rxh5 Qg2 89. Kxg7 Kf4+ 90. Kf6 Qg4 91. Rh8 Qg5+ 92. Kf7 Kg4 93. Ra8 f4 94. Ra1 Qf5+ 95.
Kg7 Qe5+ 96. Kh6 Qxa1 97. Kg6 Qe5 98. Kh6 Qf5 99. Kg7 Qe6 100. Kh8 Qd7 101. Kg8 Kg5 0-1

[Event "Early-Titled-Tuesday-Blitz-October-10-2023"]
[Site "Chess.com"]
[Date "2023.10.10"]
[Round "4"]
[White "crazy_m_attack"]
[Black "wannabe2700"]
[Result "1/2-1/2"]
[WhiteElo "2418"]
[BlackElo "2663"]
[TimeControl "180+1"]
[EndTime "8:40:35 PDT"]
[Termination "Game drawn by 50-move rule"]

1. e4 Nf6 2. e5 Ne4 3. Nc3 Nxf2 4. Kxf2 g6 5. Nf3 Bg7 6. d4 O-O 7. Bc4 Nc6 8. Rf1 d6 9. Kg1 dxe5 10. dxe5 Qxd1 11. Rxd1 Nxe5 12. Nxe5 Bxe5 13. Bh6 Re8 14. Rf1 e6 15. Rad1 a6 16. Ne4 b5 17. Bb3 f5 18. Ng5 Bg7 19. Bxg7 Kxg7 20. Rfe1 e5 21. Bd5 Rb8 22. Bc6 Re7 23. Rd8 Rb6 24. Bd5 Bd7 25.
Rg8+ Kf6 26. Nxh7+ Rxh7 27. Rf8+ Ke7 28. Ra8 e4 29.
Bb3 Rd6 30. Ra7 Kd8 31. Ra8+ Bc8 32. a4 c6 33. axb5 cxb5 34. c4 bxc4 35. Bxc4 Rc7 36.
b3 Ke7 37. Ra1 Rcc6 38. Ra7+ Kf6 39. Rf7+ Ke5 40. Re7+ Kd4 41. Kf2 Kc3 42. Ke3 Kb2 43. Re1 a5 44. Re2+ Kc3 45. Ra2 Ba6 46. Rxa5 Bxc4 47.
bxc4 Rd3+ 48. Kf4 Rd2 49. g3 Rxh2 50. c5 Rf2+ 51. Kg5 Rf3 52. g4 Kd4 53. gxf5 gxf5 54.
Ra4+ Kxc5 55. Re5+ Kd6 56. Rxf5 Rc8 57. Rxf3 exf3 58.
Rf4 Rg8+ 59. Kh4 Ke5 60. Rxf3 Ke4 61. Rf7 Rh8+ 62. Kg5 Rg8+ 63. Kf6 Kd5 64. Re7 Kd6 65. Rf7 Rg1 66. Rg7 Rf1+ 67. Kg6 Ke6 68. Ra7 Rb1 69. Ra6+ Ke5 70. Ra5+ Kf4 71. Ra4+ Kg3 72. Ra3+ Kf2 73. Ra2+ Ke3 74. Ra3+ Kd4 75. Ra4+ Kc5 76. Ra5+ Kc6 77. Ra6+ Kb5 78. Rf6 Rg1+ 79. Kf7 Kc5 80. Rf5+ Kd6 81. Rf6+ Ke5 82. Re6+ Kd5 83. Rf6 Rg5 84. Rg6 Rh5 85.
Kf6 Rh8 86. Rg5+ Ke4 87. Rg4+ Kf3 88. Ra4 Rh5 89. Ra3+ Ke4 90. Ra4+ Kd3 91. Ra3+ Kd4 92. Ra4+ Kc3 93. Ra3+ Kc4 94. Ra4+ Kb5 95. Rf4 Kc6 96. Rc4+ Kd5 97. Rf4 Rh8 98. Rf5+ Kd6 99. Ra5 Rh6+ 100. Kg5 Rh1 101. Ra6+ Kc5 102. Ra5+ Kb6 103. Rf5 Rg1+ 104. Kf6 Kc6 105. Ra5 Rf1+ 106. Rf5 Ra1 107. Re5 Kd6 108. Re6+ Kd5 109. Re5+ Kd4 110. Rf5 1/2-1/2

[Event "Early-Titled-Tuesday-Blitz-October-10-2023"]
[Site "Chess.com"]
[Date "2023.10.10"]
[Round "4"]
[White "Evandro_Barbosa"]
[Black "Arash_Tahbaz"]
[Result "0-1"]
[WhiteElo "2705"]
[BlackElo "2934"]
[TimeControl "180+1"]
[EndTime "8:40:45 PDT"]
[Termination "Arash_Tahbaz won on time"]

1. e4 g6 2. d4 Bg7 3. Nc3 d6 4. Be3 Nd7 5. Qd2 a6 6. f3 b5 7. a4 b4 8. Nd1 c5 9. c3 bxc3 10. bxc3 Qa5 11. Bd3 cxd4 12. cxd4 Qxd2+ 13. Kxd2 Nc5 14.
Ra3 Nxd3 15. Kxd3 a5 16. Nc3 Ba6+ 17. Nb5 Rb8 18. Rb3 Nf6 19. Ne2 Kd7 20. Rc1 Rhc8 21.
Rxc8 Rxc8 22. Bd2 Ra8 23. Bxa5 Bc8 24. Bb6 Rxa4 25. d5 Ba6 26. Bd4 Ra2 27. Nc3 Ra5 28. Ke3 e5 29. Bb6 Bh6+ 30. Kd3 Ra1 31. Be3 Bxe3 32. Kxe3 Ne8 33. Ra3 Rxa3 34. Nxa3 f5 35.
Na2 f4+ 36. Kf2 g5 37. Nb4 Bb7 38. Nb5 h5 39. h3 Nf6 40. Ke1 g4 41. hxg4 hxg4 42.
Kf2 g3+ 43. Ke1 Ne8 44. Kd2 Ba8 45. Kd3 Nf6 46. Ke2 Bb7 47. Kd3 Ne8 48. Ke2 Nc7 49. Nxc7 Kxc7 50. Ke1 Kb6 51. Nc2 Kc5 52. Na3 Ba6 53.
Nb1 Kb4 54. Nd2 Bd3 55. Nf1 Kc3 56. Nd2 Kd4 57. Nf1 Bb5 58. Nd2 Kc3 59. Nf1 Ba6 60. Nd2 Bc8 61. Nf1 Kd3 62. Nd2 Bd7 63. Nf1 Kd4 64. Nd2 Kc5 65. Nf1 Bb5 66. Nd2 Kb6 67. Nf1 Kc7 68. Nd2 Kd7 69. Nf1 Ke7 70. Nd2 Kf6 71.
Nb3 Kg5 72. Na5 Kf6 73. Nb3 Bd3 74. Nd2 Ba6 75. Nb3 Bc8 76. Nd2 Kg5 77. Nb3 Kg6 78. Nd2 Kf7 79. Nb3 Bd7 80. Na5 Bb5 81. Nb3 Ke7 82. Nd2 Bd3 83. Nf1 Kd7 84. Nd2 Kc7 85. Nb3 Kb6 86. Nd2 Kc5 87. Nf1 Kd4 88. Nd2 Bc2 89. Nf1 Bxe4 90. fxe4 Kxe4 91. Ke2 Kxd5 92. Kf3 Kd4 93. Nd2 d5 94. Nb3+ Kd3 95. Nc5+ Kd2 96. Nd7 e4+ 97. Kxf4 e3 98. Ne5 e2 99.
Nf3+ Kd3 100. Kxg3 Ke3 0-1

[Event "Early-Titled-Tuesday-Blitz-October-10-2023"]
[Site "Chess.com"]
[Date "2023.10.10"]
[Round "5"]
[White "kingofthenil"]
[Black "Wizard_97"]
[Result "0-1"]
[WhiteElo "2726"]
[BlackElo "2581"]
[TimeControl "180+1"]
[EndTime "8:48:26 PDT"]
[Termination "Wizard_97 won by resignation"]

1. e4 c5 2. d3 d6 3. g3 g6 4. Bh6 Bxh6 5. Bg2 Bg7 6. c3 Nc6 7. f4 e5 8. Nf3 Nge7 9. O-O O-O 10. Nbd2 f5 11. Ng5 exf4 12. gxf4 fxe4 13. dxe4 h6 14.
Qb3+ d5 15. exd5 Na5 0-1

[Event "Early-Titled-Tuesday-Blitz-October-10-2023"]
[Site "Chess.com"]
[Date "2023.10.10"]
[Round "5"]
[White "dropstoneDP"]
[Black "dziththaulydcc"]
[Result "1-0"]
[WhiteElo "3065"]
[BlackElo "2795"]
[TimeControl "180+1"]
[EndTime "8:49:11 PDT"]
[Termination "dropstoneDP won by resignation"]

1. Nf3 Nf6 2. c4 e6 3. g3 b6 4. Bg2 Bb7 5. d4 Be7 6. O-O c5 7. d5 exd5 8. Nh4 d6 9. Nc3 O-O 10. Nf5 Nbd7 11. Nxd5 Nxd5 12. Bxd5 Bxd5 13. Qxd5 Nf6 14.
Qf3 Re8 15. Bg5 h6 16. Bh4 d5 17. cxd5 Nxd5 18. Rad1 Bxh4 19. Rxd5 1-0

[Event "Early-Titled-Tuesday-Blitz-October-10-2023"]
[Site "Chess.com"]
[Date "2023.10.10"]
[Round "5"]
[White "Djager97"]
[Black "stasOR4ik"]
[Result "1-0"]
[WhiteElo "2579"]
[BlackElo "2437"]
[TimeControl "180+1"]
[EndTime "8:49:30 PDT"]
[Termination "Djager97 won by resignation"]

1. e4 e6 2. d4 d5 3. exd5 exd5 4.
Nf3 Nc6 5. Bd3 Bg4 6. c3 Bd6 7.
O-O Nge7 8. Bg5 h6 9. Bh4 g5 10. Bg3 f5 11. Bxd6 Qxd6 12. Nbd2 O-O-O 13. b4 Rdf8 14. b5 Na5 15. Qa4 Qb6 16. Ne5 Bh5 17.
Nb3 Nxb3 18. axb3 Ng6 19. Nxg6 Bxg6 20. Qxa7 Qa6 21. bxa6 1-0

[Event "Early-Titled-Tuesday-Blitz-October-10-2023"]
[Site "Chess.com"]
[Date "2023.10.10"]
[Round "5"]
[White "Actuary44"]
[Black "zozik"]
[Result "1-0"]
[WhiteElo "2521"]
[BlackElo "2340"]
[TimeControl "180+1"]
[EndTime "8:49:43 PDT"]
[Termination "Actuary44 won by resignation"]

1. e4 e6 2. d4 d5 3. Nc3 Nf6 4. e5 Nfd7 5. f4 c5 6. dxc5 Nc6 7. Nf3 Bxc5 8. Bd3 a6 9. Qe2 b5 10. Bd2 Qb6 11. O-O-O Nb4 12. f5 Nxd3+ 13. Qxd3 O-O 14. f6 g6 15. h4 b4 16. Na4 Qc7 17. h5 Bb7 18. hxg6 fxg6 19. Rxh7 Nxe5 20. Rxc7 Nxd3+ 21. cxd3 1-0

[Event "Early-Titled-Tuesday-Blitz-October-10-2023"]
[Site "Chess.com"]
[Date "2023.10.10"]
[Round "5"]
[White "VincentKeymer"]
[Black "McCarthyStone"]
[Result "1-0"]
[WhiteElo "3088"]
[BlackElo "2414"]
[TimeControl "180+1"]
[EndTime "8:50:15 PDT"]
[Termination "VincentKeymer won by resignation"]

1. Nf3 g6 2. c4 Bg7 3. Nc3 e5 4. g3 Ne7 5. Bg2 O-O 6. O-O c6 7. d4 exd4 8. Nxd4 d5 9. cxd5 Nxd5 10. Nxd5 cxd5 11. Be3 Nc6 12. Rc1 Re8 13. Nxc6 bxc6 14. Rxc6 Bxb2 15. Qxd5 Qxd5 16. Bxd5 Bb7 17. Rd6 Bxd5 18.
Rxd5 Rac8 19. Rb1 Rc2 20. Rd2 Rc1+ 21. Rd1 Rc2 22. Kf1 Bf6 23. Rd2 Rc7 24. Rd6 Kg7 25. Ra6 Ree7 26. h4 Be5 27. Rb3 h5 28. Rba3 Rc1+ 29.
Bxc1 Bd4 30. Be3 Bxe3 31. Rxe3 Rb7 32. Rea3 1-0

[Event "Early-Titled-Tuesday-Blitz-October-10-2023"]
[Site "Chess.com"]
[Date "2023.10.10"]
[Round "5"]
[White "F-Ghaith2021"]
[Black "DonJuanEGenaro"]
[Result "0-1"]
[WhiteElo "2494"]
[BlackElo "1876"]
[TimeControl "180+1"]
[EndTime "8:50:52 PDT"]
[Termination "DonJuanEGenaro won by resignation"]

1. e4 d6 2. d4 e5 3. Bc4 c6 4.
Nf3 Nf6 5. dxe5 Nxe4 6. exd6 Bxd6 7. O-O O-O 8. Nc3 Nxc3 9. bxc3 Bg4 10. h3 Bh5 11. Qd3 Bg6 12. Qd4 c5 13. Qd5 Qc7 14.
Bg5 Nc6 15. Rfe1 h6 16. Be3 Rad8 17. Kh1 Be7 18. Ne5 Nxe5 0-1

[Event "Early-Titled-Tuesday-Blitz-October-10-2023"]
[Site "Chess.com"]
[Date "2023.10.10"]
[Round "5"]
[White "fastestmindalive"]
[Black "shimastream"]
[Result "0-1"]
[WhiteElo "2748"]
[BlackElo "2988"]
[TimeControl "180+1"]
[EndTime "8:50:54 PDT"]
[Termination "shimastream won by resignation"]

1. e4 d6 2. d4 c6 3. a4 Qc7 4.
Nc3 e5 5. Nf3 Nf6 6. Bc4 Bg4 7.
Be3 Be7 8. h3 Bh5 9. Ne2 Nxe4 10. g4 Bg6 11. h4 h5 12. g5 Nd7 13. c3 O-O 14. a5 Rfe8 15. Kf1 d5 16. Bb3 Bd6 17. c4 exd4 18. Nexd4 dxc4 19. Bxc4 Ne5 20. a6 Nxc4 21. Qb3 Nxe3+ 22. fxe3 bxa6 23. Kg2 c5 24. Ne2 Rab8 25. Qc4 Rxb2 26. Rhe1 Qb7 27. Rad1 Bg3 28.
Qa4 Qb5 0-1

[Event "Early-Titled-Tuesday-Blitz-October-10-2023"]
[Site "Chess.com"]
[Date "2023.10.10"]
[Round "5"]
[White "wild3000"]
[Black "nitpicker"]
[Result "0-1"]
[WhiteElo "2329"]
[BlackElo "2264"]
[TimeControl "180+1"]
[EndTime "8:50:59 PDT"]
[Termination "nitpicker won by resignation"]

1. e4 c5 2. Nf3 Nc6 3. Bb5 d6 4. O-O Bd7 5. c3 e6 6. d4 Be7 7. Bf4 g5 8. Bg3 g4 9. dxc5 gxf3 10. cxd6 fxg2 11. Kxg2 Bh4 12. Nd2 Bxg3 13. fxg3 Qg5 14. a4 a6 15. Bd3 Ne5 16. Bc2 O-O-O 17. Qe2 Bc6 18. b4 Rxd6 19. b5 Rxd2 20. Qxd2 Qxd2+ 21. Rf2 Qxc2 22. Rxc2 Bxe4+ 23. Kf2 Bxc2 0-1

[Event "Early-Titled-Tuesday-Blitz-October-10-2023"]
[Site "Chess.com"]
[Date "2023.10.10"]
[Round "5"]
[White "ural58"]
[Black "Krakozia"]
[Result "0-1"]
[WhiteElo "2507"]
[BlackElo "2990"]
[TimeControl "180+1"]
[EndTime "8:51:05 PDT"]
[Termination "Krakozia won by resignation"]

1. e4 c5 2. Nf3 e6 3. b3 a6 4. Bb2 d5 5. exd5 exd5 6. Be2 Nf6 7. O-O Nc6 8. d4 Be7 9. dxc5 O-O 10. Nd4 Bxc5 11.
Nxc6 bxc6 12. Nd2 Re8 13. Bf3 Bf5 14. Re1 Qd6 15. Rxe8+ Rxe8 16. Qf1 Qf4 17. Bc1 Qd4 18. Rb1 Bxc2 19. Rb2 Bd3 0-1

[Event "Early-Titled-Tuesday-Blitz-October-10-2023"]
[Site "Chess.com"]
[Date "2023.10.10"]
[Round "5"]
[White "Austen48"]
[Black "m_ezat"]
[Result "0-1"]
[WhiteElo "2282"]
[BlackElo "2480"]
[TimeControl "180+1"]
[EndTime "8:51:09 PDT"]
[Termination "m_ezat won by resignation"]

1. d4 Nf6 2. c4 d6 3. Nc3 g6 4.
e4 Bg7 5. f3 O-O 6. Be3 Nc6 7.
Nge2 a6 8. Qd2 Rb8 9. Nc1 e5 10. d5 Nd4 11. Nb3 c5 12. dxc6 bxc6 13. Nxd4 exd4 14.
Bxd4 Re8 15. Be2 d5 16. cxd5 Rb4 17. Bc5 Nxe4 18. fxe4 Bxc3 19. bxc3 Rbxe4 20. O-O Rxe2 21. Qf4 Qxd5 22. Rf2 Re1+ 23. Rxe1 Rxe1+ 24. Rf1 Qxc5+ 25. Kh1 Rxf1+ 26. Qxf1 Qd5 0-1

[Event "Early-Titled-Tuesday-Blitz-October-10-2023"]
[Site "Chess.com"]
[Date "2023.10.10"]
[Round "5"]
[White "JAN2404"]
[Black "pirulillo"]
[Result "0-1"]
[WhiteElo "2076"]
[BlackElo "2347"]
[TimeControl "180+1"]
[EndTime "8:51:12 PDT"]
[Termination "pirulillo won by resignation"]

1. e4 c5 2. Nf3 e6 3. d4 cxd4 4. Nxd4 Nf6 5. Nc3 Nc6 6. Be3 Bb4 7. f3 d5 8. Bb5 Bd7 9. exd5 Nxd5 10. Qe2 Nxc3 11.
bxc3 Bxc3+ 12. Kf2 Nxd4 13. Bxd7+ Qxd7 0-1

[Event "Early-Titled-Tuesday-Blitz-October-10-2023"]
[Site "Chess.com"]
[Date "2023.10.10"]
[Round "5"]
[White "secrethawk1"]
[Black "AsaHoffmann"]
[Result "1-0"]
[WhiteElo "2256"]
[BlackElo "2386"]
[TimeControl "180+1"]
[EndTime "8:51:14 PDT"]
[Termination "secrethawk1 won by resignation"]

1. d4 Nf6 2. Bf4 d6 3. e3 b6 4.
Nf3 Bb7 5. c4 Nbd7 6. Nc3 g6 7.
Bd3 Bg7 8. O-O Nh5 9. Bg5 h6 10. Bh4 g5 11. Bg3 Nxg3 12. fxg3 e6 13. Nd2 Qe7 14. Qe2 f5 15. d5 Rf8 16. e4 O-O-O 17.
exf5 Bxc3 18. bxc3 e5 19. Ne4 Nf6 20. Rab1 Rh8 21.
a4 Rdg8 22. a5 Kd8 23. axb6 axb6 24. Ra1 Kd7 25. Ra7 Bc8 26. c5 dxc5 27. d6 Qf7 28.
Rxc7+ 1-0

[Event "Early-Titled-Tuesday-Blitz-October-10-2023"]
[Site "Chess.com"]
[Date "2023.10.10"]
[Round "5"]
[White "Xqswdc"]
[Black "vladgoncharov"]
[Result "0-1"]
[WhiteElo "2329"]
[BlackElo "2521"]
[TimeControl "180+1"]
[EndTime "8:51:23 PDT"]
[Termination "vladgoncharov won by resignation"]

1. e4 e6 2. d4 d5 3. Nc3 Bb4 4. e5 c5 5. a3 Bxc3+ 6. bxc3 Qc7 7. Qg4 f6 8. Bb5+ Kf8 9. Ne2 a6 10. Bf4 f5 11. Qh4 axb5 12. g4 Ne7 13. Ng3 cxd4 14. gxf5 Nxf5 15. Nxf5 exf5 16. e6 Qe7 17. Qg3 Qxe6+ 18. Kd1 Nc6 19. Re1 Qg6 20. Bd6+ Kf7 21. Qd3 Qxd6 22. cxd4 b4 23. a4 Be6 24. Rg1 g6 25. h4 Qf4 26. Qb5 Qxd4+ 27. Ke2 Qc4+ 0-1

[Event "Early-Titled-Tuesday-Blitz-October-10-2023"]
[Site "Chess.com"]
[Date "2023.10.10"]
[Round "5"]
[White "Hilary46"]
[Black "remi04"]
[Result "0-1"]
[WhiteElo "2665"]
[BlackElo "2870"]
[TimeControl "180+1"]
[EndTime "8:51:25 PDT"]
[Termination "remi04 won by resignation"]

1. e4 c6 2. d4 d5 3. e5 c5 4. dxc5 e6 5. a3 Bxc5 6. b4 Bb6 7. Nf3 Ne7 8. Bb2 a5 9. b5 Nd7 10. c4 Nc5 11. Nc3 dxc4 12. Qxd8+ Bxd8 13. Bxc4 b6 14. O-O Bb7 15. Nd4 Bc7 16. Rfe1 Rd8 17. Nb3 Nxb3 18.
Bxb3 Ng6 19. Na4 Nf4 20. f3 Rd2 21. g3 Nh3+ 0-1

[Event "Early-Titled-Tuesday-Blitz-October-10-2023"]
[Site "Chess.com"]
[Date "2023.10.10"]
[Round "5"]
[White "wannabe2700"]
[Black "Kotofeyca"]
[Result "1-0"]
[WhiteElo "2666"]
[BlackElo "2427"]
[TimeControl "180+1"]
[EndTime "8:51:32 PDT"]
[Termination "wannabe2700 won by checkmate"]

1. Nf3 d5 2. Ne5 f6 3. e4 g6 4. exd5 fxe5 5. Bc4 Nf6 6. Nc3 Nbd7 7. d3 Nb6 8. Qe2 Nbxd5 9. Nxd5 Nxd5 10. Qxe5 Nf6 11. O-O Qd6 12. Qe2 Bg4 13. f3 Bd7 14. Be3 a6 15. b4 Nd5 16. Bc5 Qc6 17. Rfe1 O-O-O 18. a4 Bg7 19. d4 Rhe8 20. b5 axb5 21. axb5 Qxc5 22. Ra8# 1-0

[Event "Early-Titled-Tuesday-Blitz-October-10-2023"]
[Site "Chess.com"]
[Date "2023.10.10"]
[Round "5"]
[White "azikom"]
[Black "IngOscarArdila"]
[Result "1-0"]
[WhiteElo "2591"]
[BlackElo "2314"]
[TimeControl "180+1"]
[EndTime "8:51:33 PDT"]
[Termination "azikom won by resignation"]

1. c4 Nf6 2. Nc3 e6 3. e4 d6 4. d4 Be7 5. f4 O-O 6. Nf3 c5 7. d5 exd5 8. cxd5 a6 9. a4 Bg4 10. h3 Bxf3 11. Qxf3 Nbd7 12. g4 h6 13. h4 Ne8 14. g5 f6 15. gxh6 f5 16. hxg7 Nxg7 17. h5 Bh4+ 18. Kd1 fxe4 19. Qxe4 Nf6 20. Qg6 Ng4 21.
Qxg4 Bf2 22. h6 Qe7 23. Qxg7+ Qxg7 24. hxg7 Kxg7 25. Ne4 Rh8 26. Rxh8 Rxh8 27. Nxf2 1-0

[Event "Early-Titled-Tuesday-Blitz-October-10-2023"]
[Site "Chess.com"]
[Date "2023.10.10"]
[Round "5"]
[White "Jojo_898"]
[Black "BeanScreen"]
[Result "0-1"]
[WhiteElo "2406"]
[BlackElo "2731"]
[TimeControl "180+1"]
[EndTime "8:51:43 PDT"]
[Termination "BeanScreen won by resignation"]

1. e4 e5 2. Nf3 Nc6 3. Bc4 Nf6 4. d3 Be7 5. O-O O-O 6. a3 d5 7. exd5 Nxd5 8. h3 a6 9. Bd2 Nb6 10. Ba2 Bd6 11. Nc3 Kh8 12. Ne4 h6 13. Nxd6 cxd6 14. Re1 f5 15. Qc1 Qf6 16. c4 Be6 17.
c5 Bxa2 18. Rxa2 Nd5 19. Qc4 Qe6 20. cxd6 Qxd6 21. b4 f4 22. d4 exd4 23. Nxd4 Nb6 24. Qe6 Qxd4 25. Rc2 Qd3 26. Rb2 Nc4 0-1

[Event "Early-Titled-Tuesday-Blitz-October-10-2023"]
[Site "Chess.com"]
[Date "2023.10.10"]
[Round "5"]
[White "PeshkaCh"]
[Black "SmirnovAlexandrA"]
[Result "1-0"]
[WhiteElo "2829"]
[BlackElo "2637"]
[TimeControl "180+1"]
[EndTime "8:51:53 PDT"]
[Termination "PeshkaCh won by resignation"]

1. Nf3 c5 2. c4 Nc6 3. Nc3 g6 4. g3 Bg7 5. Bg2 d6 6. O-O Nh6 7. b3 O-O 8. Bb2 Nf5 9. e3 e5 10. a3 Be6 11. Qc2 Rc8 12. Rad1 Qe7 13. Nd5 Bxd5 14.
cxd5 Na5 15. Bh3 Qf6 16. e4 Nh6 17. Qc3 b6 18. Bxc8 Rxc8 19. d4 c4 20. dxe5 dxe5 21. b4 Nb3 22. d6 Nd4 23. Nxd4 exd4 24. Qxd4 Qxd4 25. Bxd4 Bf8 26. d7 Rd8 27. Bf6 1-0

[Event "Early-Titled-Tuesday-Blitz-October-10-2023"]
[Site "Chess.com"]
[Date "2023.10.10"]
[Round "5"]
[White "viktorskliarov"]
[Black "Alexander_Donchenko"]
[Result "0-1"]
[WhiteElo "2646"]
[BlackElo "2837"]
[TimeControl "180+1"]
[EndTime "8:51:57 PDT"]
[Termination "Alexander_Donchenko won by resignation"]

1. e4 c6 2. d4 d5 3. e5 Bf5 4. Nf3 e6 5. Be2 Ne7 6. O-O c5 7. c4 Nbc6 8. dxc5 d4 9. Bd3 Bxd3 10. Qxd3 Ng6 11. Re1 Bxc5 12. a3 a5 13. Nbd2 O-O 14.
Ne4 Be7 15. Ng3 Qc7 16. Nh5 Rac8 17. Bf4 Rfd8 18. Rac1 a4 19. Bg3 Qb6 20. Rc2 Qb3 21.
Qe4 Na5 22. Rd2 d3 23. h4 Nxc4 24. Nf4 Nxd2 25. Nxd2 Qxb2 26. Nf3 d2 27. Nxd2 Qxd2 28. h5 Nxf4 29. Bxf4 Qd3 0-1